Map: Terraform LE (Void)

Players

TheHeatBeech - Winner!

  • Race: Terran Terran
  • League: Platinum

ImotoFantasy

  • Race: Protoss Protoss
  • League: Platinum

VOD

Have the link to the VOD?

Description

Time

  • Played on: Oct. 27, 2015, 11:48 p.m.
  • Length: 12:38
Show
View Real Time Build Order
Export as new Build Order

TheHeatBeech Terran - Winner!

Build Orders: Reaper Expand, MMM Bio 

Get SALT Encoding   

  12  0:01  SCV  
  13  0:13  SCV  
  14  0:18  Supply Depot  
  14  0:25  SCV  
  15  0:39  SCV  
  15  0:41  Barracks  
  16  0:46  Refinery  
  16  0:51  SCV  
  17  1:03  SCV  
  18  1:15  SCV  
  19  1:28  Orbital Command  
  19  1:30  Reaper  
  19  1:31  Supply Depot  
  20  1:55  SCV  
  20  1:58  Command Center  
  21  2:05  Barracks Reactor  
  21  2:07  SCV  
  22  2:19  SCV  
  23  2:27  Factory  
  23  2:31  SCV  
  23  2:36  Engineering Bay  
  24  2:40  Supply Depot  
  24  2:43  SCV, Marine x2  
  26  2:55  SCV  
  27  3:01  Marine x2  
  27  3:05  Missile Turret  
  29  3:07  SCV  
  29  3:09  Orbital Command  
  30  3:13  Starport, Widow Mine  
  30  3:19  Marine  
  33  3:20  Marine  
  33  3:23  SCV  
  35  3:39  SCV  
  35  3:43  Refinery  
  35  3:44  Widow Mine  
  37  3:49  Orbital Command, Marine x2  
  37  3:55  SCV  
  41  3:56  Medivac  
  42  4:11  SCV  
  42  4:16  SCV  
  44  4:18  Widow Mine  
  44  4:23  SCV  
  47  4:28  SCV  
  48  4:34  Command Center  
  48  4:35  SCV  
  49  4:40  SCV  
  50  4:47  SCV, Missile Turret  
  50  4:52  SCV  
  52  4:55  Widow Mine  
  54  5:01  Supply Depot  
  54  5:02  Supply Depot  
  54  5:06  Terran Infantry Weapons Level 1  
  54  5:08  Marine  
  54  5:10  Barracks  
  54  5:12  Barracks  
  54  5:13  Barracks  
  55  5:15  SCV  
  55  5:16  SCV, Refinery  
  55  5:18  Refinery  
  55  5:19  Supply Depot  
  55  5:20  Supply Depot  
  57  5:27  SCV  
  57  5:28  SCV  
  59  5:30  Medivac  
  59  5:34  Factory Reactor  
  61  5:39  SCV  
  61  5:40  SCV  
  62  5:51  SCV  
  62  5:52  Marine x2  
  63  5:57  Barracks, Orbital Command  
  63  5:59  Barracks  
  63  6:00  SCV  
  61  6:06  SCV  
  61  6:10  Engineering Bay  
  60  6:11  Armory, Barracks Tech Lab x2  
  60  6:13  Barracks Tech Lab  
  60  6:15  SCV  
  60  6:16  Marine x2  
  63  6:21  Medivac x2  
  67  6:30  Combat Shields, Stimpack  
  67  6:31  Concussive Shells  
  69  6:33  Marauder  
  69  6:34  Marauder  
  69  6:35  Marauder  
  69  6:37  Marine x2  
  75  6:40  SCV  
  75  6:46  Terran Infantry Armor Level 1  
  76  6:48  Barracks Reactor x2  
  76  6:51  Medivac  
  78  7:00  Orbital Command  
  78  7:03  Marauder x2  
  78  7:04  Marine x2, Marauder  
  78  7:06  SCV  
  87  7:13  Terran Infantry Weapons Level 2  
  87  7:20  Supply Depot  
  87  7:21  Marine  
  87  7:22  Marine  
  89  7:24  Marine x3  
  92  7:33  SCV x2  
  92  7:36  SCV  
  95  7:39  Marine x2  
  95  7:42  Marine  
  95  7:43  Marauder x2, Marine  
  95  7:44  Marine x3  
  105  7:45  SCV x2  
  105  7:49  Medivac x2  
  105  7:51  SCV  
  113  7:57  SCV x2, Marine x2  
  117  8:06  Marine  
  117  8:08  SCV, Marine  
  117  8:17  Marine  
  117  8:23  Marine  
  117  8:25  Marine  
  117  8:28  Marauder  
  116  8:45  Marine  
  117  8:57  Supply Depot  
  117  8:58  Supply Depot x3  
  117  9:00  Supply Depot  
  117  9:18  Widow Mine, Marine  
  117  9:19  Marauder x2, Viking x2, Marine x5  
  117  9:20  Marauder  
  127  9:36  Marine  
  127  9:37  Marine x4  
  130  9:41  Marauder x3  
  112  9:55  Marine  
  88  10:02  Marauder x2  
  88  10:03  Marauder  
  74  10:10  Medivac x2  
  75  10:18  Marine  
  75  10:19  Marine x5  
  74  10:23  Marauder  
  74  10:24  Marauder x2  
  79  10:36  Marine  
  79  10:37  Marine x5  
  85  10:42  Orbital Command  
  85  10:45  Marauder x2  
  85  10:46  Marauder  
  91  10:54  Marine  
  88  11:05  Medivac x2  
  92  11:17  Marauder x2, Marine  
  92  11:18  Marine  
  97  11:21  Orbital Command  
  97  11:23  Marine x3  
  101  11:26  Marine  
  101  11:27  Widow Mine  
  104  11:35  Medivac x2  
  108  11:56  Marauder  
  108  11:57  Marine x3, Marauder x2  
  108  12:00  Widow Mine, Marine  
  120  12:12  SCV x2  
  120  12:13  SCV  
  123  12:17  Marine x4  
  123  12:19  Missile Turret  
  137  12:23  Missile Turret  
  137  12:24  SCV x2  
  137  12:25  SCV  
Show
View Real Time Build Order
Export as new Build Order

ImotoFantasy Protoss 

Build Orders:  

Get SALT Encoding   

  12  0:01  Probe (Chrono Boost)  
  13  0:11  Probe (Chrono Boost)  
  14  0:17  Pylon  
  14  0:22  Probe (Chrono Boost)  
  15  0:36  Probe (Chrono Boost)  
  15  0:38  Gateway  
  15  0:42  Assimilator  
  16  0:46  Probe (Chrono Boost)  
  18  0:57  Probe (Chrono Boost)  
  18  1:07  Probe (Chrono Boost)  
  18  1:11  Pylon  
  19  1:18  Probe (Chrono Boost)  
  20  1:27  Cybernetics Core  
  20  1:28  Probe (Chrono Boost)  
  21  1:40  Probe (Chrono Boost)  
  22  1:51  Probe (Chrono Boost)  
  23  1:58  Nexus  
  23  2:04  Mothership Core (Chrono Boost)  
  23  2:06  Stalker  
  27  2:12  Assimilator  
  27  2:21  Warp Gate  
  27  2:25  Probe (Chrono Boost)  
  28  2:36  Probe (Chrono Boost)  
  29  2:46  Probe (Chrono Boost)  
  29  2:47  Forge  
  29  2:50  Pylon  
  30  2:57  Probe (Chrono Boost)  
  31  3:09  Probe (Chrono Boost)  
  32  3:15  Robotics Facility  
  32  3:18  Gateway  
  32  3:20  Gateway  
  32  3:21  Protoss Ground Weapons Level 1 (Chrono Boost)  
  32  3:23  Probe  
  32  3:24  Probe  
  34  3:36  Probe  
  34  3:38  Probe  
  36  3:41  Pylon  
  36  3:45  Stalker  
  38  3:49  Probe  
  38  3:51  Probe  
  40  4:00  Probe  
  40  4:01  Pylon  
  41  4:03  Probe, Observer  
  43  4:16  Probe  
  41  4:17  Probe  
  41  4:18  Pylon  
  41  4:22  Photon Cannon  
  43  4:25  Observer  
  43  4:27  Photon Cannon  
  43  4:30  Probe  
  45  4:33  Assimilator  
  45  4:34  Probe  
  45  4:35  Assimilator  
  45  4:37  Pylon  
  46  4:42  Sentry, Probe  
  46  4:43  Sentry  
  46  4:44  Zealot  
  53  4:53  Immortal  
  53  4:58  Protoss Ground Armor Level 1 (Chrono Boost)  
  57  5:04  Probe  
  57  5:05  Probe  
  59  5:14  Twilight Council  
  59  5:17  Pylon  
  59  5:18  Probe  
  59  5:19  Probe  
  59  5:20  Pylon  
  61  5:24  Stalker, Pylon  
  63  5:34  Stalker  
  65  5:45  Stalker  
  65  5:46  Immortal (Chrono Boost)  
  60  6:04  Probe x2  
  61  6:16  Probe x2  
  63  6:24  Immortal (Chrono Boost)  
  63  6:28  Blink (Chrono Boost)  
  63  6:29  Stalker  
  63  6:30  Stalker x2  
  73  6:34  Probe  
  73  6:35  Probe  
  75  6:43  Protoss Ground Weapons Level 2  
  75  6:48  Probe x2  
  77  6:56  Gateway  
  77  6:59  Gateway  
  77  7:01  Gateway  
  76  7:06  Zealot  
  78  7:08  Immortal  
  82  7:27  Zealot x2  
  82  7:29  Zealot  
  88  7:45  Immortal  
  88  7:49  Pylon  
  92  7:51  Zealot x3  
  96  8:12  Zealot x2  
  94  8:13  Zealot  
  98  8:39  Zealot x3  
  103  9:03  Zealot x5  
  103  9:04  Zealot  
  115  9:10  Immortal  
  115  9:16  Charge (Chrono Boost)  
  117  9:37  Pylon  
  102  9:38  Pylon  
  57  10:00  Zealot x2  
  57  10:01  Zealot x4  
  53  10:09  Probe  
  53  10:10  Probe  
  41  10:22  Probe  
  43  10:31  Stalker x3  
  43  10:32  Stalker x3  
  43  10:34  Probe  
  52  10:49  Probe  
  53  11:25  Nexus  
  53  11:49  Probe  
  54  12:01  Templar Archives, Probe (Chrono Boost)  
  53  12:10  Observer  
  53  12:13  Probe (Chrono Boost)  
Tags
 
Add a new tag
Caveats
  • Supply blocks, unpowered buildings, or Contaminate may cause inaccurate times.
  • Supply counts are checked every 10 seconds.